 Dungeon Crawl Stone Soup version 0.30-a0-358-g0d69a1922f (webtiles) character file.

Game seed: 14228188799103056526

2 lokiplouj the Ducker (level 1, 0/10 HPs)
             Began as a Felid Berserker on Nov 10, 2022.
             Was a Follower of Trog.
             Slain by a quokka (5 damage)
             ... on level 1 of the Dungeon.
             The game lasted 00:00:27 (95 turns).

lokiplouj the Ducker (Felid Berserker)                Turns: 95, Time: 00:00:28

Health: 0/10       AC:  1    Str: 13    XL:     1   Next: 33%
Magic:  2/2        EV: 18    Int:  8    God:    Trog [*.....]
Gold:   10         SH:  0    Dex: 15    Spells: 0/0 levels left
                                        Lives:  0   Deaths: 0

rFire   . . .      SeeInvis +      - Unarmed
rCold   . . .      Faith    .    (shield unavailable)
rNeg    . . .      Spirit   .    (body armour unavailable)
rPois   .          Reflect  .    (helmet unavailable)
rElec   .          Harm     .    (cloak unavailable)
rCorr   .          Rampage  .    (gloves unavailable)
Will    .....                    (boots unavailable)
Stlth   +.........               (no amulet)
HPRegen 0.21/turn                (no ring)
MPRegen 0.08/turn                (no ring)

@: quick
A: very small, claws 1, fangs 3, see invisible, speed 1, shaggy fur 1, stealthy
paws, no weapons or thrown items, no armour, multi-lived
a: Renounce Religion, Berserk


You were on level 1 of the Dungeon.
You worshipped Trog.
Trog was aware of your devotion.
You visited 1 branch of the dungeon, and saw 1 of its levels.

You collected 10 gold pieces.

You aren't carrying anything.


   Skills:
 + Level 3.0 Fighting
 + Level 4.1 Dodging
 + Level 3.0 Unarmed Combat


You couldn't memorise any spells.
You didn't know any spells.
Your spell library was empty.

Dungeon Overview and Level Annotations

Branches:
Dungeon (1/15)

Altars:


Innate Abilities, Weirdness & Mutations

You have sharp claws.
You have razor-sharp teeth.
You have supernaturally acute eyesight. (SInv)
You cover ground quickly. (Speed+)
You are covered in fur. (AC +1)
Your paws help you pounce on unaware monsters.
You are incapable of wielding weapons or throwing items.
You cannot wear armour.
You gain extra lives every three experience levels.


Message History

The hobgoblin completely misses you.
You closely miss the hobgoblin.
The hobgoblin is lightly wounded.
The hobgoblin hits you.
* * * LOW HITPOINT WARNING * * *
A frilled lizard comes into view.
The frilled lizard hisses angrily.
You claw the hobgoblin!
You kill the hobgoblin!
Trog accepts your kill.
You see here a hobgoblin corpse.
An endoplasm comes into view.
Found 3 stones.
The endoplasm quivers.
Found 6 poisoned darts.
Found 6 gold pieces and a club.
A quokka and a bat come into view.
Found a smoky cyan potion.
The bat attacks as you move away! The bat barely misses you.
The bat completely misses you. The bat attacks as you move away!
The bat hits you. The bat hits you but does no damage.
You barely miss the bat. The bat completely misses you. The bat misses you.
The bat hits you but does no damage.
A giant cockroach comes into view.
The bat closely misses you. The bat closely misses you. The bat misses you.
The giant cockroach closely misses you.
You scratch the giant cockroach.
The giant cockroach is heavily wounded.
The bat barely misses you. The giant cockroach bites you.
You closely miss the giant cockroach.
The giant cockroach is heavily wounded.
The bat hits you. The bat hits you but does no damage.
The giant cockroach barely misses you.
You scratch the giant cockroach.
The giant cockroach is severely wounded.
The bat hits you. The giant cockroach misses you. The quokka bites you.
Ouch! That really hurt!
You die...

## ..# . #+#.# ..
#.#<#.## #.##.#'#..#
##.......... #
..........^. #.#
##>.####.###
..#...#########.# #.###
......B@rJ....#.####....
...#....#####...........
#....b.....##(...##..
##.......$.#####..###
##........# ##.#
...)...... .#
........... .. #
............ #...
.......... ##.


You could see an endoplasm, a quokka, a giant cockroach and a bat.

Vanquished Creatures
  2 hobgoblins (D:1)
2 creatures vanquished.

Notes
Turn   | Place    | Note
-------+----------+-------------------------------------------
     0 | D:1      | lokiplouj the Felid Berserker began the quest for the Orb.
     0 | D:1      | Reached XP level 1. HP: 10/10 MP: 2/2
    95 | D:1      | Slain by a quokka

Illustrated notes

Levels and vault maps discovered:
D:1:      dpeg_arrival_tiny_d, layout_rooms,
          shapermc_ecumenical_altar_flowoftime, chequers_big_river

Action                   || total
-------------------------++-------
Melee: Unarmed           ||    10
Armor: Skin              ||     4
Dodge: Dodged            ||    15

Table legend: (Time is in decaauts)
 A = Elapsed time spent in this place.
 B = Non-inter-level travel time spent in this place.
 C = Inter-level travel time spent in this place.
 D = Time resting spent in this place.
 E = Time spent auto-exploring this place.
 F = Levels seen in this place.
 G = Mean time per level.
                   A        B        C        D        E       F      G
               +--------+--------+--------+--------+--------+-----+--------+
         Total |     77 |     77 |      0 |      0 |      0 |   1 |   77.0 |
       Dungeon |     77 |     77 |      0 |      0 |      0 |   1 |   77.0 |
               +--------+--------+--------+--------+--------+-----+--------+

Top non-repeatable levels by time:
     D:1: 77 daAuts
